 Dungeon Crawl Stone Soup version 0.22-a0-785-g6253c82 (webtiles) character file.

19711 MatthieuS the Destroyer (level 12, -3/75 HPs)
             Began as a Deep Elf Conjurer on July 20, 2018.
             Was a High Priest of Vehumet.
             Slain by a tyrant leech (25 damage)
             ... on level 3 of the Lair of Beasts.
             The game lasted 01:00:00 (15379 turns).

MatthieuS the Destroyer (Deep Elf Conjurer)        Turns: 15379, Time: 01:00:00

Health: -3/75      AC:  6    Str:  6    XL:     12   Next: 38%
Magic:  32/52      EV: 17    Int: 25    God:    Vehumet [*****.]
Gold:   750        SH:  0    Dex: 15    Spells: 2/31 levels left

rFire    . . .     SeeInvis .   v - staff of power {!a}
rCold    . . .     Gourm    .   (no shield)
rNeg     . . .     Faith    .   o - +0 troll leather armour
rPois    .         Spirit   .   (no helmet)
rElec    .         Reflect  .   n - +0 cloak
rCorr    .         Harm     .   m - +0 pair of gloves
MR       +....                  (no boots)
Stlth    +++++.....             (no amulet)
HPRegen  0.62/turn              f - ring of magical power
MPRegen  0.33/turn              w - ring of stealth

@: no status effects
A: no striking features
a: Renounce Religion


You were on level 3 of the Lair of Beasts.
You worshipped Vehumet.
Vehumet was extremely pleased with you.
You were not hungry.

You visited 2 branches of the dungeon, and saw 13 of its levels.
You also visited: Ice Cave.

You collected 750 gold pieces.

Inventory:

Armour
 m - a +0 pair of gloves (worn)
   (You found it on level 2 of the Dungeon)
 n - a +0 cloak (worn)
   (You found it on level 7 of the Dungeon)
 o - a +0 troll leather armour (worn)
   (You found it on level 8 of the Dungeon)
 C - a +1 leather armour of magic resistance
   (You found it on level 10 of the Dungeon)
Magical Staves
 v - an uncursed staff of power (weapon) {!a}
   (You found it on level 1 of the Lair of Beasts)
Jewellery
 f - a ring of magical power (left hand)
   (You found it on level 6 of the Dungeon)
 t - an uncursed ring of wizardry
   (You found it on level 8 of the Dungeon)
 w - a ring of stealth (right hand)
   (You found it on level 9 of the Dungeon)
 x - an uncursed ring of protection from fire
   (You found it on level 8 of the Dungeon)
Wands
 c - a wand of disintegration (13)
   (You found it on level 1 of the Lair of Beasts)
 p - a wand of clouds (5)
   (You found it on level 1 of the Lair of Beasts)
 u - a wand of paralysis (2)
   (You found it on level 8 of the Dungeon)
 y - a wand of polymorph (8)
   (You found it on level 8 of the Dungeon)
Scrolls
 a - 2 scrolls of immolation {!r}
 h - 3 scrolls of enchant weapon
 i - 2 scrolls of teleportation {@r4}
 j - a scroll of amnesia
Potions
 l - a potion of haste {@q3}
 q - 2 potions of ambrosia
 s - a potion of flight
 z - 3 potions of might
 A - 3 potions of curing {@q1}
Comestibles
 e - 34 rations


   Skills:
 * Level 8.9 Fighting
 + Level 9.2 Dodging
 - Level 10.0 Stealth
 + Level 10.1 Spellcasting
 * Level 12.1 Conjurations
 - Level 5.0 Hexes
 + Level 3.8 Ice Magic
 + Level 3.5 Air Magic


You had 2 spell levels left.
You knew the following spells:

 Your Spells              Type           Power        Failure   Level  Hunger
a - Magic Dart            Conj           ####         1%          1    None
b - Searing Ray           Conj           ######       1%          2    None
c - Dazzling Spray        Conj/Hex       ######       1%          3    None
d - Iskenderun's Mystic   Conj           ######..     1%          4    None
e - Fulminant Prism       Conj/Hex       ######....   1%          4    None
f - Confusing Touch       Hex            #####.       1%          1    None
g - Apportation           Tloc           ##....       8%          1    None
h - Freezing Cloud        Conj/Ice/Air   #####.....   21%         6    #####..
i - Force Lance           Conj/Tloc      #####...     1%          4    None
x - Confuse               Hex            #####...     3%          3    None

Your spell library contained the following spells:

 Spells                   Type           Power        Failure   Level  Hunger
 Fireball                 Conj/Fire      #####.....   4%          5    ####...
 Summon Small Mammal      Summ           ##..         8%          1    None
 Animate Skeleton         Necr           N/A          8%          1    None
 Tukima's Dance           Hex            #####...     3%          3    None
 Ice Form                 Ice/Tmut       ###.....     34%         4    None
 Flame Tongue             Conj/Fire      #####        1%          1    None
 Ensorcelled Hibernation  Hex/Ice        ####..       1%          2    None
 Corona                   Hex            #####..      1%          1    None


Dungeon Overview and Level Annotations

Branches:
Dungeon (10/15)            Temple (0/1) D:7            Lair (3/6) D:10
 Shoals (0/4) Lair:3        Snake (0/4) Lair:2
    Orc: D:9-12

Altars:
Elyvilon
Makhleb
Okawaru
Uskayaw
Vehumet
Wu Jian
The Shining One

Shops:
D:9 %


Message History

* * * LOW HITPOINT WARNING * * *
The arrow burns you.
* * * LOW HITPOINT WARNING * * *
Aim: a centaur, wielding a shortbow of flaming The orb of energy hits the centaur.
The centaur shoots an arrow.
The arrow misses you.
The centaur shoots an arrow.
The arrow barely misses you.
Aim: a centaur, wielding a shortbow of flaming (almost dead)
The orb of energy hits the centaur.
You kill the centaur!
Vehumet accepts your kill.
You feel your power returning.
z - 3 potions of might (gained 1)
You now have 750 gold pieces (gained 39).
Things that are here:
a shortbow of flaming; an uncursed war axe; 5 arrows There isn't anything to butcher here.
You see here an arrow.
You start resting.
You start resting.
You see here an arrow.
You enter the shallow water.
Moving in this stuff is going to be slow.
A tyrant leech comes into view.
You conjure a prism of explosive energy!
Aim: a tyrant leech The magic dart hits the tyrant leech.
Your fulminant prism crackles loudly.
Aim: a tyrant leech The magic dart hits the tyrant leech.
The blast of energy engulfs the tyrant leech.
You hear a bellow! x2
Aim: a tyrant leech (heavily wounded)
The magic dart hits the tyrant leech.
The tyrant leech closely misses you.
Aim: a tyrant leech (heavily wounded)
The orb of energy hits the tyrant leech.
The orb of energy explodes!
The tyrant leech bites you!
The tyrant leech draws strength from your injuries!
Aim: a tyrant leech (moderately wounded)
The orb of energy hits the tyrant leech.
The tyrant leech bites you!
The tyrant leech draws strength from your injuries!
Aim: a tyrant leech (heavily wounded)
The orb of energy hits the tyrant leech.
The orb of energy explodes!
The tyrant leech bites you!!
* * * LOW HITPOINT WARNING * * *
The tyrant leech draws strength from your injuries!
Aim: a tyrant leech (heavily wounded)
The orb of energy hits the tyrant leech.
The orb of energy explodes!
The tyrant leech bites you!!
You die...

....... .#
..........
.........#
≈≈≈≈.....#
≈≈≈≈.≈.# #≈≈≈#.#
#≈≈..## #≈≈w..#
##≈≈P@##
#######≈≈≈#..#
≈≈≈≈≈≈≈≈≈≈#..#
≈≈≈≈≈≈≈.###..#
.##≈'#...#..##
....##...#.###.##
....#..'##+..#..#
................#
................#


You could see a tyrant leech.

Vanquished Creatures
  A hydra (D:9)
  A two-headed ogre (D:8)
  3 death yaks (Lair:3)
  Pikel (D:8)
  A black mamba (Lair:3)
  4 spiny frogs
  3 komodo dragons
  An ice devil (IceCv)
  A queen bee (D:9)
  Prince Ribbit (D:8)
  A troll (D:8)
  2 tyrant leeches (Lair:3)
  2 dream sheep (D:9)
  7 blink frogs
  3 hippogriffs
  2 wyverns
  8 yaks
  2 nagas (Lair:2)
  6 swamp worms (Lair:3)
  2 water moccasins
  An ice beast (D:5)
  5 porcupines
  2 orc warriors
  5 sky beasts
  A slave (D:8)
  A black bear (Lair:1)
  5 ogres
  A necrophage (D:8)
  A phantom (D:8)
  10 wolves
  3 crocodiles
  5 centaurs
  6 big kobolds
  12 bullfrogs
  A gnoll sergeant (D:10)
  A wyvern skeleton (D:10)
  5 scorpions
  27 killer bees (D:9)
  5 howler monkeys
  An electric eel (D:7)
  3 crimson imps
  A bullfrog zombie (D:9)
  A jelly (D:9)
  6 hounds
  A gnoll shaman (D:7)
  7 orc priests
  15 orc wizards
  2 bullfrog skeletons
  2 centaur skeletons
  2 iguanas
  5 worker ants
  A hound zombie (D:7)
  7 adders
  10 gnolls
  3 shadow imps
  An ooze (D:2)
  An adder zombie (D:9)
  An adder skeleton (D:5)
  2 worms
  A dart slug (D:1)
  6 leopard geckos
  33 orcs
  4 giant cockroaches
  4 hobgoblins
  11 jackals
  12 kobolds
  3 quokkas
  2 ball pythons
  4 bats
  4 frilled lizards
  5 goblins
  A jackal zombie (D:5)
  A leopard gecko skeleton (D:5)
  2 rats
  A fulminant prism (D:7)
  5 fungi (Lair:3)
  3 plants (Lair:3)
323 creatures vanquished.

Vanquished Creatures (others)
  2 slaves (D:8)
  A phantom (D:8)
  91 fulminant prisms
  6 fungi
  8 plants
108 creatures vanquished.

Grand Total: 431 creatures vanquished

Notes
Turn   | Place    | Note
-------+----------+-------------------------------------------
     0 | D:1      | MatthieuS the Deep Elf Conjurer began the quest for the Orb.
     0 | D:1      | Reached XP level 1. HP: 10/10 MP: 6/6
   296 | D:1      | Reached XP level 2. HP: 16/16 MP: 6/8
   336 | D:1      | Learned a level 2 spell: Searing Ray
   583 | D:1      | Reached skill level 1 in Fighting
  1077 | D:2      | Found a burning altar of Makhleb.
  1080 | D:2      | Reached XP level 3. HP: 20/20 MP: 4/9
  1526 | D:2      | Found a glowing golden altar of the Shining One.
  1862 | D:3      | Learned a level 3 spell: Dazzling Spray
  2095 | D:3      | Reached skill level 5 in Conjurations
  2536 | D:3      | Reached XP level 4. HP: 25/25 MP: 9/11
  2988 | D:4      | Reached XP level 5. HP: 23/30 MP: 2/12
  3003 | D:5      | Entered Level 5 of the Dungeon
  3003 | D:5      | Noticed a centaur
  3394 | D:4      | Found a burning altar of Makhleb.
  3596 | D:4      | Killed a centaur
  3773 | D:4      | Reached XP level 6. HP: 36/36 MP: 9/14
  3818 | D:4      | Learned a level 4 spell: Iskenderun's Mystic Blast
  3847 | D:5      | Found a hide-covered altar of Uskayaw.
  3861 | D:5      | Found a white marble altar of Elyvilon.
  3892 | D:5      | Found an iron altar of Okawaru.
  4174 | D:5      | Found an ornate altar of the Wu Jian Council.
  4182 | D:5      | Found a radiant altar of Vehumet.
  4186 | D:5      | Became a worshipper of Vehumet
  4308 | D:5      | Noticed a sky beast
  4319 | D:5      | Killed a sky beast
  4319 | D:5      | Reached skill level 6 in Conjurations
  4635 | D:5      | Reached XP level 7. HP: 41/41 MP: 5/16
  5207 | D:5      | Reached skill level 5 in Spellcasting
  5550 | D:5      | Found the +12 glaive of Prune {chop}
  5563 | D:5      | Identified the Guide on the Icy Arsonist
  5980 | D:5      | Learned a level 4 spell: Fulminant Prism
  5989 | D:6      | Reached skill level 1 in Hexes
  6056 | D:6      | Reached skill level 7 in Conjurations
  6056 | D:6      | Reached XP level 8. HP: 46/48 MP: 4/18
  6193 | D:6      | Learned a level 1 spell: Confusing Touch
  6195 | D:6      | Learned a level 1 spell: Apportation
  6336 | D:6      | Reached skill level 5 in Stealth
  6684 | D:7      | Reached skill level 5 in Dodging
  6858 | D:7      | Found a staircase to the Ecumenical Temple.
  6889 | D:7      | Reached * piety under Vehumet
  6889 | D:7      | Offered knowledge of Sandblast by Vehumet.
  7463 | D:7      | Noticed a hippogriff
  8094 | D:7      | Reached skill level 8 in Conjurations
  8108 | D:7      | Reached skill level 5 in Fighting
  8181 | D:7      | Reached XP level 9. HP: 46/54 MP: 20/20
  8367 | D:8      | Noticed a two-headed ogre
  8378 | D:8      | Killed a two-headed ogre
  8405 | D:8      | Noticed a troll
  8414 | D:8      | Killed a troll
  8839 | D:8      | Reached skill level 9 in Conjurations
  8899 | D:8      | Noticed Pikel
  8917 | D:8      | Killed Pikel
  8917 | D:8      | Reached ** piety under Vehumet
  8917 | D:8      | Offered knowledge of Sting by Vehumet.
  9081 | D:8      | Learned a level 6 spell: Freezing Cloud
  9282 | D:8      | Reached XP level 10. HP: 60/60 MP: 23/23
  9286 | D:8      | Reached skill level 5 in Hexes
  9391 | D:8      | Noticed Prince Ribbit
  9404 | D:8      | Killed Prince Ribbit
 10118 | D:9      | Offered knowledge of Mephitic Cloud by Vehumet.
 10128 | D:9      | Reached skill level 10 in Conjurations
 10145 | D:9      | Noticed a two-headed hydra
 10285 | D:9      | Killed a two-headed hydra
 10433 | D:9      | Reached *** piety under Vehumet
 10871 | D:9      | Offered knowledge of Static Discharge by Vehumet.
 10877 | D:9      | Reached XP level 11. HP: 67/67 MP: 20/25
 10945 | D:9      | Found Rirghiohu's Food Emporium.
 11015 | D:10     | Entered Level 10 of the Dungeon
 11430 | D:10     | Reached **** piety under Vehumet
 11454 | D:10     | Offered knowledge of Throw Icicle by Vehumet.
 11567 | D:10     | Noticed a skeletal warrior
 11570 | D:10     | Noticed a death knight
 11638 | D:10     | HP: 2/67 [death knight/great mace (32)]
 11652 | D:10     | Noticed a death yak
 11858 | D:10     | Found a staircase to the Lair.
 11868 | Lair:1   | Entered Level 1 of the Lair of Beasts
 11910 | Lair:1   | Reached skill level 1 in Ice Magic
 11910 | Lair:1   | Reached skill level 11 in Conjurations
 11921 | Lair:1   | Reached skill level 1 in Air Magic
 12141 | Lair:1   | Found a frozen archway.
 12155 | IceCv    | Entered an ice cave
 13565 | Lair:2   | Found a staircase to the Snake Pit.
 14362 | Lair:3   | Reached ***** piety under Vehumet
 14362 | Lair:3   | Reached XP level 12. HP: 49/75 MP: 26/27
 14364 | Lair:3   | Offered knowledge of Yara's Violent Unravelling by Vehumet.
 14452 | Lair:3   | Found a staircase to the Shoals.
 14591 | Lair:3   | Noticed a death yak
 14591 | Lair:3   | Noticed a death yak
 14608 | Lair:3   | Killed a death yak
 14635 | Lair:3   | Noticed a death yak
 14659 | Lair:3   | Killed a death yak
 14695 | Lair:3   | Killed a death yak
 14695 | Lair:3   | Reached skill level 12 in Conjurations
 14710 | Lair:3   | Reached skill level 10 in Spellcasting
 14728 | Lair:3   | HP: 3/75 [swamp worm (18)]
 14986 | Lair:3   | Reached skill level 10 in Stealth
 15188 | Lair:3   | Learned a level 3 spell: Confuse
 15193 | Lair:3   | Learned a level 4 spell: Force Lance
 15379 | Lair:3   | Slain by a tyrant leech

Vault maps used:
D:1:      evilmike_arrival_rings, serial_forest, infiniplex_forest_diagonal,
          infiniplex_forest_side_room, infiniplex_forest_straight_2,
          infiniplex_forest_clump_small, infiniplex_forest_straight_4,
          infiniplex_forest_clump_long, infiniplex_forest_straight_2,
          infiniplex_forest_corner_1
D:2:      tso_oasis_becter, lemuel_crystal_altar, first_ration
D:4:      makhleb_blood_cavern_becter
D:5:      kennysheep_windowed_halls, nicolae_overflow_quartered_altars,
          okawaru_metal_pillars_3
D:7:      minmay_temple_entry_glassed_door, serial_bayou_lake_a
D:8:      uniq_pikel, uniq_prince_ribbit1
D:9:      serial_shops, nicolae_shop_waterfront, special_room, hangedman_ranch,
          minmay_stone_trees_small
D:10:     david_lair_generic, hangedman_decor_peaks_small, st_stairs_10
Lair:1:   portal_ice_cave_entry_pillars_1, grunt_megastairs_1
Lair:2:   guppyfry_snake_entry_garden
Lair:3:   minmay_shoals_entry_centaurs, worms_lemuel, grunt_megastairs_5,
          infiniplex_staircase_pool
IceCv:    ice_cave_tombish

Skill      XL: |  1  2  3  4  5  6  7  8  9 10 11 12 |
---------------+-------------------------------------+-----
Fighting       | 1 2 3 4 5 6 7 8 |  8.9
Conjurations   | 5 6 7 8 9 10 11 12 | 12.1
Stealth        | 3 4 5 7 8 9 10 | 10.0
Dodging        | 3 4 5 6 7 8 9 |  9.2
Spellcasting   | 4 5 6 7 8 9 10 | 10.1
Hexes          | 1 3 4 5 |  5.0
Ice Magic      | 3 |  3.8
Air Magic      | 2 3 |  3.5

Action                   |  1- 3 |  4- 6 |  7- 9 | 10-12 || total
-------------------------+-------+-------+-------+-------++-------
Melee: Unarmed           |     6 |     3 |     2 |       ||    11
       Shortbow          |       |     1 |       |       ||     1
 Fire: Shortbow          |       |    29 |       |       ||    29
Throw: Stone             |       |     6 |       |       ||     6
 Cast: Magic Dart        |    93 |    57 |   166 |   258 ||   574
       Searing Ray       |     1 |     8 |    37 |    46 ||    92
       Dazzling Spray    |       |     1 |       |    21 ||    22
       Fulminant Prism   |       |       |    10 |    83 ||    93
       Iskenderun's Myst |       |       |     1 |    70 ||    71
       Confusing Touch   |       |       |     2 |       ||     2
Evoke: Wand              |       |       |       |     4 ||     4
  Use: Scroll            |       |     9 |     6 |    16 ||    31
       Potion            |       |     7 |     3 |     4 ||    14
  Eat: Chunk             |     2 |     3 |     8 |    16 ||    29
       Ration            |     1 |     1 |     2 |     2 ||     6
Armor: Robe              |     6 |     8 |    18 |       ||    32
       Troll leather arm |       |       |     3 |    25 ||    28
Dodge: Dodged            |    15 |    38 |    60 |   176 ||   289

Table legend:
 A = Spawn XP
 B = Non-spawn XP
 C = Spawn XP percentage of total XP
 D = Spawn monster count
 E = Non-spawn monster count
 F = Spawn count percentage of total count
 G = Total turns spent on level
                    A         B        C        D         E        F      G
               +---------+---------+-------+---------+---------+-------+---------
         Total |       0 |   28159 |   0.0 |       0 |     314 |   0.0 | 15379
               +---------+---------+-------+---------+---------+-------+---------
           D:1 |       0 |      36 |   0.0 |       0 |      19 |   0.0 |  1051
           D:2 |       0 |      17 |   0.0 |       0 |       6 |   0.0 |   740
           D:3 |       0 |      47 |   0.0 |       0 |      16 |   0.0 |   798
           D:4 |       0 |     298 |   0.0 |       0 |      17 |   0.0 |  1239
           D:5 |       0 |     789 |   0.0 |       0 |      22 |   0.0 |  2153
           D:6 |       0 |     365 |   0.0 |       0 |       7 |   0.0 |  1374
           D:7 |       0 |    1293 |   0.0 |       0 |      34 |   0.0 |   984
           D:8 |       0 |    3258 |   0.0 |       0 |      32 |   0.0 |  1304
           D:9 |       0 |    4960 |   0.0 |       0 |      56 |   0.0 |  1675
          D:10 |       0 |    2078 |   0.0 |       0 |      38 |   0.0 |   550
        Lair:1 |       0 |    3667 |   0.0 |       0 |      21 |   0.0 |  1236
        Lair:2 |       0 |    3398 |   0.0 |       0 |      15 |   0.0 |  1141
        Lair:3 |       0 |    7607 |   0.0 |       0 |      30 |   0.0 |   943
         IceCv |       0 |     346 |   0.0 |       0 |       1 |   0.0 |   191
               +---------+---------+-------+---------+---------+-------+---------
